Match 24939734
Unlisted

Match 24939734
End
Royal Engineer Section
Construct Section Command Post
Selects Heavy Armor Battlegroup
Dingo Light Scout Car
Vickers Machine Gun Team
Selects Engineer Detachments
Royal Engineer Section
Royal Engineer Section
Infantry Section
Construct Field Infirmary
Grenade Package
Construct Platoon Command Post
Dingo Light Scout Car
Selects Light Vehicle Withdraw and Refit
Selects Forward Repair Assembly
6-pounder Anti-tank Gun Team
ML 3-inch Mortar Team
Vickers Machine Gun Team
6-pounder Anti-tank Gun Team
Unlock Bishop Self-propelled Artillery
Bishop Self-propelled Artillery
Selects Recon Artillery
Recon Artillery
Construct Company Command Post
Selects Crusader AA Medium Tank
Selects UNKNOWN (2162094)
Churchill IV Heavy Tank
Recon Artillery
Churchill IV Heavy Tank
DIV 250 BigBoss
^3
T3age
Opti
0
0

Comments sign in to comment!

No comments posted yet!